 Dungeon Crawl Stone Soup version 0.29.1-1-gd02db6906a (webtiles) character file.

Game seed: 11474358169825546224

202 Earthwalker the Covered (level 5, 0/47 HPs)
             Began as a Minotaur Fighter on Oct 6, 2022.
             Slain by an ogre
             ... wielding a +0 giant club
              (29 damage)
             ... on level 4 of the Dungeon.
             The game lasted 00:10:30 (2570 turns).

Earthwalker the Covered (Minotaur Fighter)          Turns: 2570, Time: 00:10:31

Health: 0/47       AC: 16    Str: 22    XL:     5   Next: 50%
Magic:  4/4        EV:  6    Int:  5    God:
Gold:   216        SH:  6    Dex: 18    Spells: 4/4 levels left

rFire   . . .      SeeInvis .   f - +4 long sword "Xuseimp" {freeze, Str+2}
rCold   . . .      Faith    .   c - +0 buckler
rNeg    . . .      Spirit   .   s - +1 plate armour
rPois   .          Reflect  .   (helmet restricted)
rElec   .          Harm     .   j - +0 cloak
rCorr   .          Rampage  .   n - +0 pair of gloves
Will    .....                   l - +0 pair of boots
Stlth   ..........              i - amulet of regeneration
HPRegen 0.95/turn               h - +6 ring of dexterity
MPRegen 0.09/turn               (no ring)

@: no status effects
A: horns 2, retaliatory headbutt
a: no special abilities


You were on level 4 of the Dungeon.
You visited 1 branch of the dungeon, and saw 4 of its levels.

You collected 216 gold pieces.

Inventory:

Hand Weapons
 a - a +0 long sword
 f - the +4 long sword "Xuseimp" (weapon) {freeze, Str+2}
   (You acquired it on level 1 of the Dungeon)

   It freezes those it strikes, dealing additional cold damage.
   It can also slow down cold-blooded creatures.
   Str:       It affects your strength (+2).
Armour
 b - a +0 scale mail
 c - a +0 buckler (worn)
 j - a +0 cloak (worn)
 l - a +0 pair of boots (worn)
 n - a +0 pair of gloves (worn)
 s - a +1 plate armour (worn)
 u - the +1 leather armour "Zucogat" {Dex+2}
   (You found it on level 4 of the Dungeon)

   Dex:       It affects your dexterity (+2).
Magical Staves
 m - a staff of fire
Jewellery
 h - a +6 ring of dexterity (left hand)
 i - an amulet of regeneration (around neck)
Wands
 q - a wand of paralysis (5)
 w - a wand of digging (5)
Scrolls
 g - 4 scrolls of teleportation
 k - a scroll of blinking {unknown}
 r - a scroll of immolation
 v - a scroll of fear {unknown}
 x - a scroll of identify
Potions
 d - 2 potions of might
 e - a potion of degeneration
 o - a potion of heal wounds {unknown}
 p - a potion of invisibility {unknown}
 t - 3 potions of curing {unknown}


   Skills:
 + Level 4.9 Fighting
 + Level 4.0 Long Blades
 + Level 5.0 Armour
 + Level 0.0 Dodging
 + Level 4.9 Shields


You had 4 spell levels left.
You didn't know any spells.
Your spell library contained the following spells:

 Spells                   Type           Power      Damage    Failure   Level
 Shock                    Conj/Air       0%         1d3       100%        1
 Swiftness                Air            0%         N/A       100%        3
 Airstrike                Air            0%         2d(0-16)  100%        4


Dungeon Overview and Level Annotations

Branches:
Dungeon (4/15)
 Temple: D:4-7

Altars:
Ashenzari
Makhleb
The Shining One


Innate Abilities, Weirdness & Mutations

You have a pair of horns on your head.
You reflexively headbutt those who attack you in melee.


Message History

You kill the shadow imp!
Items here: ( )))) ††.
Okay, then.
Things that are here:
a +0 dagger; 2 poisoned darts; a giant cockroach corpse The hobgoblin shouts!
Items here: ( )))) ††.
You slash the hobgoblin! You freeze the hobgoblin.
You kill the hobgoblin!
Your Armour skill increases to level 5!
There is an open door here.
Okay, then.
Done exploring.
There is an open door here.
There is an open door here.
There is an open door here.
Items here: ( )))) ††.
There is a stone staircase leading up here.
You climb upwards.
There is a stone staircase leading down here.
There is a stone staircase leading down here.
You climb downwards.
There is a stone staircase leading up here.
There is a stone staircase leading up here.
You climb upwards.
There is a stone staircase leading down here.
There is a stone staircase leading down here.
You can't go up here!
You climb downwards.
There is a stone staircase leading up here.
The ogre shouts!
There is a stone staircase leading up here.
You slash the ogre! You freeze the ogre.
The ogre is heavily wounded.
The ogre hits you with a +0 giant club!!
You hit the ogre. You freeze the ogre.
The ogre is heavily wounded.
The ogre hits you with a +0 giant club!!
Ouch! That really hurt!
You die...

##.# ##....## .#.#..
#.# #...### #._.# #.##
#.....## .#.#..# #..##
#...#l.##..#..#
##..######......##...+
#.....#####.....##
##......# #####..##
####...# ##...#
##..@######....#...
#....O...........#
#.............#.##
##...#########...#
#....# #### #....#
#....# #### ##....#
####..##
#.....#####......#


You could see an ogre.

Vanquished Creatures
  A hound (D:4)
  An iguana (D:4)
  Robin (D:3)
  4 adders
  A gnoll (D:4)
  A shadow imp (D:4)
  A worm (D:2)
  8 endoplasms
  A giant cockroach (D:4)
  12 hobgoblins
  7 jackals (D:2)
  3 quokkas
  4 ball pythons
  5 bats
  A frilled lizard (D:1)
  15 goblins
  4 kobolds
  6 rats
76 creatures vanquished.

Notes
Turn   | Place    | Note
-------+----------+-------------------------------------------
     0 | D:1      | Earthwalker the Minotaur Fighter began the quest for the
                  | Orb.
     0 | D:1      | Reached XP level 1. HP: 19/19 MP: 0/0
   278 | D:1      | Reached XP level 2. HP: 22/27 MP: 1/1
   736 | D:1      | Identified a scroll of acquirement
   736 | D:1      | Acquired the +4 long sword "Xuseimp" {freeze, Str+2}
   797 | D:2      | Reached skill level 4 in Armour
   804 | D:2      | Reached XP level 3. HP: 33/33 MP: 2/2
   979 | D:2      | Found a burning altar of Makhleb.
  1425 | D:3      | Noticed Robin
  1430 | D:3      | Reached XP level 4. HP: 39/40 MP: 3/3
  1434 | D:3      | Killed Robin
  1927 | D:3      | Found a broken altar of Ashenzari.
  2121 | D:4      | Found a glowing golden altar of the Shining One.
  2142 | D:4      | Noticed an ogre
  2231 | D:4      | Reached XP level 5. HP: 38/47 MP: 4/4
  2250 | D:4      | Identified the +1 leather armour "Zucogat" {Dex+2}
  2421 | D:4      | Reached skill level 5 in Armour
  2570 | D:4      | Slain by an ogre

Illustrated notes

Levels and vault maps discovered:
D:1:      sevenhm_arrival_forest_fort_large_2, layout_rooms,
          minmay_misc_feat_rugged
D:2:      layout_loops_cross, basic_altar, serial_park_tiny_pond
D:3:      layout_loops_ring, mainiacjoe_overflow_paths, uniq_robin
D:4:      minmay_opposing_rooms, layout_layer_cave, tso_metal_star,
          nzn_wu_jian_contemplation, minmay_temple_entry_crystal_x

Skill      XL: |  1  2  3  4  5 |
---------------+----------------+-----
Armour         | 4 5 |  5.0
Fighting       | 4 |  4.9
Shields        | 4 |  4.9
Long Blades    | 3 4 |  4.0

Action                   |  1- 3 |  4- 6 || total
-------------------------+-------+-------++-------
Melee: Long sword        |    89 |    51 ||   140
       Headbutt          |     6 |     7 ||    13
  Use: Scroll            |     4 |     2 ||     6
Armor: Scale mail        |    35 |       ||    35
       Plate armour      |     6 |    21 ||    27
Dodge: Dodged            |    44 |     9 ||    53
Block: Buckler           |    25 |     8 ||    33
